 Dungeon Crawl Stone Soup version 0.23.2-1-ga50397a6bc (webtiles) character file.

Game seed: 3692591651787344454

200 Acheron the Bolt Thrower (level 6, -3/35 HPs)
             Began as a Kobold Arcane Marksman on May 4, 2019.
             Slain by a scorpion (5 damage)
             ... on level 6 of the Dungeon.
             The game lasted 00:28:01 (4171 turns).

Acheron the Bolt Thrower (Kobold Arcane Marksman)   Turns: 4171, Time: 00:28:01

Health: -3/35      AC:  6    Str:  8      XL:     6   Next: 7%
Magic:  9/9        EV: 13    Int: 15      God:
Gold:   191        SH:  0    Dex: 12 (16) Spells: 6/9 levels left

rFire    . . .     SeeInvis .   w - +0 war axe
rCold    . . .     Gourm    .   (shield restricted)
rNeg     . . .     Faith    .   r - +0 ring mail (curse)
rPois    .         Spirit   .   h - +0 helmet
rElec    .         Reflect  .   (no cloak)
rCorr    +         Harm     .   (no gloves)
MR       .....                  (no boots)
Stlth    +.........             (no amulet)
HPRegen  0.11/turn              o - ring of flight
MPRegen  0.11/turn              m - ring of resist corrosion

@: lethally poisoned (-3 -> -19), flying
A: small, carnivore
a: no special abilities


You were on level 6 of the Dungeon.
You were completely stuffed.

You visited 1 branch of the dungeon, and saw 8 of its levels.

You collected 191 gold pieces.

Inventory:

Hand Weapons
 a - a +1 hand crossbow
 i - a +1 dagger of draining
 k - a +0 short sword
 s - a +0 hunting sling of velocity
 w - a +0 war axe (weapon)
Missiles
 d - 24 bolts
 e - 26 sling bullets
 l - 97 stones (quivered)
 n - 14 arrows
Armour
 h - a +0 helmet (worn)
 r - a cursed +0 ring mail (worn)
 t - a cursed -2 scale mail
Jewellery
 m - a ring of resist corrosion (right hand)
 o - a ring of flight (left hand)
Scrolls
 c - 3 scrolls of identify
 p - a scroll of remove curse
Potions
 b - a potion of might
 g - a potion of haste
Comestibles
 f - 8 rations
 u - 2 chunks of flesh


   Skills:
 * Level 2.2 Fighting
 * Level 2.4 Short Blades
 * Level 0.6 Axes
 + Level 3.6 Crossbows
 * Level 1.2 Armour
 * Level 3.1 Dodging
 * Level 2.5 Stealth
 * Level 2.0 Spellcasting
 + Level 3.2 Hexes


You had 6 spell levels left.
You knew the following spells:

 Your Spells              Type           Power        Failure   Level  Hunger
a - Corona                Hex            ##.....      19%         1    #......
b - Slow                  Hex            ##......     26%         2    ###....

Your spell library contained the following spells:

 Spells                   Type           Power        Failure   Level  Hunger
 Inner Flame              Hex/Fire       #.......     71%         3    ###....
 Portal Projectile        Hex/Tloc       #.....       71%         3    ###....
 Cause Fear               Hex            ##........   87%         4    #####..
 Leda's Liquefaction      Hex/Erth       #.........   98%         4    #####..


Dungeon Overview and Level Annotations

Branches:
Dungeon (8/15)
 Temple: D:4-7         Lair: D:8-11

Altars:
Elyvilon
Vehumet
Wu Jian

Shops:
D:5 %

Annotations:
D:1 exclusion: downstairs
D:2 Sigmund
D:3 exclusion: downstairs, Ijyb
D:5 3 runed translucent doors, Freyura's ghost, amateur DsAK


Innate Abilities, Weirdness & Mutations

You are small and have problems with some larger weapons.
You are carnivorous and can eat meat at any time.


Message History

* * * LOW HITPOINT WARNING * * *
You feel very sick. The scorpion closely misses you.
You hit the scorpion.
The scorpion is severely wounded.
* * * LOW HITPOINT WARNING * * *
You feel sick.
The scorpion stings you but does no damage.
It was a potion of flight.
You feel very buoyant.
You fly up into the air.
* * * LOW HITPOINT WARNING * * *
You feel sick.
The scorpion stings you but does no damage.
A crimson imp comes into view.
* * * LOW HITPOINT WARNING * * *
You feel sick.
The crimson imp shouts!
The crimson imp barely misses you. The scorpion stings you.
You die...

#.# ####
##. #.#
#.. (.#
#.# #.#
#.# #
##.###.#
#.# .##
...>...#
#.# ..#
##.#####
#.# ...#
#.#######
#.##...#
#....<..#
#s#5..####
#######.#
#.@.......
.#
###.....##
.# #.#..#
.# .# ..#
.# # # .#
c#


You could see a scorpion and a crimson imp.

Vanquished Creatures
  A crimson imp (D:5)
  A quasit (D:7)
  A worker ant (D:4)
  A gnoll (D:7)
  2 worms (D:2)
  A dart slug (D:1)
  2 leopard geckos
  3 orcs
  A ball python (D:3)
  6 bats
  7 giant cockroaches
  4 goblins
  8 hobgoblins
  11 jackals
  12 kobolds
  3 quokkas
  2 frilled lizards
  A quokka skeleton (D:5)
  14 rats
81 creatures vanquished.

Vanquished Creatures (others)
  An orc wizard (D:3)
1 creature vanquished.

Grand Total: 82 creatures vanquished

Notes
Turn   | Place    | Note
-------+----------+-------------------------------------------
     0 | D:1      | Acheron the Kobold Arcane Marksman began the quest for the
                  | Orb.
     0 | D:1      | Reached XP level 1. HP: 12/12 MP: 2/2
   395 | D:1      | Reached XP level 2. HP: 16/16 MP: 1/3
   435 | D:1      | Reached skill level 1 in Stealth
   726 | D:1      | Reached XP level 3. HP: 19/20 MP: 5/5
  1227 | D:2      | Found an ornate altar of the Wu Jian Council.
  1240 | D:2      | Learned a level 2 spell: Slow
  1272 | D:2      | Found a faded altar of an unknown god.
  1319 | D:2      | Reached XP level 4. HP: 25/25 MP: 6/6
  1418 | D:2      | Found a white marble altar of Elyvilon.
  1573 | D:2      | Noticed Sigmund
  2381 | D:2      | Reached skill level 1 in Short Blades
  2501 | D:3      | Noticed Ijyb
  2964 | D:4      | Reached XP level 5. HP: 26/30 MP: 7/7
  3087 | D:4      | Noticed an ogre
  3125 | D:5      | Entered Level 5 of the Dungeon
  3125 | D:5      | Found Ceisale's Food Emporium.
  3310 | D:5      | Found a radiant altar of Vehumet.
  3423 | D:5      | Noticed a sky beast
  3477 | D:5      | Found a runed translucent gate.
  3477 | D:5      | Found a runed translucent gate.
  3477 | D:5      | Found a runed translucent gate.
  3520 | D:5      | Reached skill level 1 in Armour
  3616 | D:5      | Noticed Freyura's ghost (amateur DsAK)
  3664 | D:6      | Noticed a centaur
  3860 | D:8      | Noticed an orc warrior
  3946 | D:7      | Reached XP level 6. HP: 20/35 MP: 8/8
  4171 | D:6      | Slain by a scorpion

Skill      XL: |  1  2  3  4  5  6 |
---------------+-------------------+-----
Stealth        | 1 2 |  2.5
Crossbows      | 3 |  3.6
Short Blades   | 1 2 |  2.4
Fighting       | 2 |  2.2
Armour         | 1 |  1.2
Dodging        | 3 |  3.1
Spellcasting   | 2 |  2.0
Axes           | |  0.6
Hexes          | |  3.2

Action                   |  1- 3 |  4- 6 || total
-------------------------+-------+-------++-------
Melee: Short sword       |    14 |   205 ||   219
       Dagger            |       |    27 ||    27
       War axe           |       |    38 ||    38
 Fire: Hand crossbow     |    81 |     7 ||    88
 Cast: Corona            |     3 |       ||     3
  Use: Scroll            |     4 |     7 ||    11
       Potion            |       |     3 ||     3
 Stab: Sleeping          |       |     2 ||     2
  Eat: Chunk             |     9 |    10 ||    19
Armor: Robe              |     2 |       ||     2
       Ring mail         |     9 |   107 ||   116
Dodge: Dodged            |    42 |   227 ||   269
